 Dungeon Crawl Stone Soup version 0.29.0-13-gc9e81de378 (webtiles) character file.

Game seed: 10100620410509652939

22 NinjaNoafa the Chopper (level 2, 0/40 HPs)
             Began as a Hill Orc Monk on Sept 7, 2022.
             Slain by an adder (3 damage)
             ... on level 2 of the Dungeon.
             The game lasted 00:01:42 (1300 turns).

NinjaNoafa the Chopper (Hill Orc Monk)              Turns: 1300, Time: 00:01:42

Health: 0/40       AC: 21    Str: 10 (13) XL:     2   Next: 91%
Magic:  2/2        EV:  2    Int:  7 (10) God:
Gold:   29         SH:  0    Dex: 10 (13) Spells: 1/1 levels left

rFire   . . .      SeeInvis .   a - +0 hand axe (flame)
rCold   . . .      Faith    .   (no shield)
rNeg    . . .      Spirit   .   (body armour currently unavailable)
rPois   +          Reflect  .   (helmet currently unavailable)
rElec   .          Harm     .   (cloak currently unavailable)
rCorr   .          Rampage  .   (gloves currently unavailable)
Will    .....      NoTele   +   (boots currently unavailable)
Stlth   ++........              (no amulet)
HPRegen 0.13/turn               (no ring)
MPRegen 0.08/turn               (no ring)

@: tree-form
A: stationary, stasis, torment immunity, boosted hp
a: no special abilities


You were on level 2 of the Dungeon.
You were a tree.
You visited 1 branch of the dungeon, and saw 2 of its levels.

You collected 29 gold pieces.

Inventory:

Hand Weapons
 a - a +0 hand axe of flaming (weapon)
Missiles
 g - 5 poisoned darts (quivered)
 i - 13 stones
Armour
 n - a +0 leather armour (melded)
Scrolls
 k - 4 scrolls of teleportation
 l - a scroll of noise
Potions
 f - a potion of lignification


   Skills:
 + Level 4.1 Fighting
 + Level 4.6 Axes
 + Level 0.9 Armour
 - Level 2.4 Dodging
 - Level 1.5 Stealth


You had one spell level left.
You didn't know any spells.
Your spell library was empty.

Dungeon Overview and Level Annotations

Branches:
Dungeon (2/15)

Altars:


Message History

You kill the endoplasm!
The adder bites you.
* * * LOW HITPOINT WARNING * * *
You hit the adder.
The adder is moderately wounded.
Unknown command.
Okay, then.
As you read the scroll labelled QALIMU JANUZENN, it crumbles to dust.
It is a scroll of identify.
j - a scroll of brand weapon The adder barely misses you.
The adder bites you but does no damage.
As you read the scroll of brand weapon, it crumbles to dust.
Your +0 hand axe is engulfed in flames!
a - a +0 hand axe of flaming (weapon)
The adder bites you but does no damage. The adder barely misses you.
The adder bites you but does no damage. x2
You hit the adder. You burn the adder.
The adder is almost dead.
You hit the adder. You burn the adder.
The adder bites you but does no damage. x2
As you read the scroll of identify, it crumbles to dust.
k - 4 scrolls of teleportation The adder bites you but does no damage. x2; The adder bites you.
* * * LOW HITPOINT WARNING * * *
As you read the scroll of identify, it crumbles to dust.
l - a scroll of noise The adder bites you but does no damage. x3
The air fills with toxic fumes!
As you read the scroll labelled XOCOULO UNLELI, it crumbles to dust.
It was a scroll of poison.
The adder bites you but does no damage. x2
You barely miss the adder.
The adder is almost dead.
You hit the adder. You burn the adder.
The adder bites you but does no damage. x2
The adder barely misses you.
You barely miss the adder.
The adder is almost dead.
You closely miss the adder.
The adder bites you but does no damage. x3
You closely miss the adder.
The adder is almost dead.
You miss the adder. The adder bites you.
You die...

..~~~~. ..~≈≈~.
######### ..~≈≈~.
#......)# ..~≈≈≈.
#.#####.# ..~≈~~.
#<†##### S..§...
######..#§§S###§§§§~~~
#.......#.#♣Sg§§§§§≈≈~
#.####....#§#l§§§§§≈≈~
########.§§§§§~≈~
?>.§§§§... ##########.


You could see 2 adders, a hobgoblin and a frilled lizard.

Vanquished Creatures
  5 ball pythons
  2 endoplasms
  2 giant cockroaches (D:1)
  3 goblins
  3 bats (D:1)
  A frilled lizard (D:1)
  A kobold (D:1)
  4 rats (D:1)
21 creatures vanquished.

Notes
Turn   | Place    | Note
-------+----------+-------------------------------------------
     0 | D:1      | NinjaNoafa the Hill Orc Monk began the quest for the Orb.
     0 | D:1      | Reached XP level 1. HP: 19/19 MP: 1/1
   490 | D:1      | Reached XP level 2. HP: 21/27 MP: 2/2
  1295 | D:2      | HP: 2/40 [adder (1)]
  1300 | D:2      | Slain by an adder

Illustrated notes

Levels and vault maps discovered:
D:1:      nicolae_arrival_memento_mori, layout_basic
D:2:      layout_basic, basic_altar, chequers_ecumenical_altar_island,
          serial_glass, glass_columns_a, glass_columns_a, minivault_14,
          minmay_tromino_i2, uniq_sigmund

Skill      XL: |  1  2 |
---------------+-------+-----
Fighting       | 4 |  4.1
Axes           | |  4.6
Armour         | |  0.9
Dodging        | |  2.4
Stealth        | |  1.5

Action                   || total
-------------------------++-------
Melee: Hand axe          ||    59
  Use: Scroll            ||     5
       Potion            ||     4
 Stab: Sleeping          ||     2
Armor: Robe              ||    17
       Skin              ||    18
       Leather armour    ||     2
Dodge: Dodged            ||    40
